St.Louis Blues vs Nashville Predators
(R1)
Created - Sunday, March 16, 2025 at 10:34
Goals
|
| St.Louis Blues |
0 |
2 |
2 |
4 |
| Nashville Predators |
1 |
1 |
0 |
2 |
|
Shots
|
| St.Louis Blues |
12 |
8 |
13 |
33 |
| Nashville Predators |
9 |
24 |
4 |
37 |
|
1st period
1. Nashville Predators , Pius Suter 4 (Thomas Novak 11, Rasmus Andersson 7) at 17:27
Penalties :
Travis Sanheim (NSH) for Boarding (Minor) at 4:20, Alex Tuch (STL) for Tripping (Minor) at 12:41
2nd period
2. St.Louis Blues , Jack Eichel 16 (Jake Guentzel 19, Elias Pettersson 14) at 0:10
3. Nashville Predators , Timo Meier 10 (Tage Thompson 13, Alex DeBrincat 17) at 2:59
4. St.Louis Blues , Jake Guentzel 15 (Jack Eichel 19, Elias Pettersson 15) at 14:05
Penalties :
Brandon Hagel (STL) for Slashing (Minor) at 11:45
3rd period
5. St.Louis Blues , Mikhail Sergachev 1 (Robert Thomas 15) at 10:02 (PP)
6. St.Louis Blues , Jack Eichel 17 (Jake Guentzel 20) at 10:08
Penalties :
Elias Lindholm (STL) for Tripping (Minor) at 3:56, Travis Sanheim (NSH) for Holding (Minor) at 9:25, Artem Zub (NSH) for Slashing (Minor) at 13:48
Goalie Stats
Connor Hellebuyck (STL), 35 saves from 37 shots - (0.946), W, 14-5-3, 60:00 minutes
Thatcher Demko (NSH), 29 saves from 33 shots - (0.879), L, 14-11-2, 60:00 minutes
Players Stats for St.Louis Blues
Player Name G A P +/- PIM S H SB GA TA FO MP PP MP PK MP
------------------------------------------------------------------------------------
Alex Pietrangelo 0 0 0 1 0 0 2 0 0 0 0/0 20:39 0:00 0:00
Alex Tuch 0 0 0 -1 2 1 1 0 1 0 0/1 16:39 1:57 1:52
Brandon Hagel 0 0 0 -1 2 0 0 0 0 0 0/0 16:22 1:57 0:00
Brayden Point 0 0 0 -1 0 3 0 0 2 0 0/0 15:25 2:38 0:00
Colton Parayko 0 0 0 2 0 0 1 0 0 0 0/0 24:28 0:00 3:02
Dakota Joshua 0 0 0 0 0 1 2 0 0 0 0/0 6:44 0:00 0:00
Elias Lindholm 0 0 0 -1 2 1 3 1 0 0 9/12 15:04 1:57 1:52
Elias Pettersson 0 2 2 3 0 7 2 1 0 0 1/3 21:17 2:38 0:55
Jaccob Slavin 0 0 0 -1 0 3 0 2 0 0 0/0 17:50 0:00 2:55
Jack Eichel 2 1 3 3 0 4 1 0 1 3 15/28 20:04 2:38 0:00
Jake Guentzel 1 2 3 3 0 3 1 1 0 1 0/1 20:24 2:38 0:27
Jake Sanderson 0 0 0 0 0 2 0 1 0 2 0/0 18:44 0:00 3:02
Lars Eller 0 0 0 0 0 1 0 1 0 0 5/6 10:05 0:00 2:38
Logan O'Connor 0 0 0 0 0 2 0 0 0 0 0/1 9:58 0:00 2:38
Mark Stone 0 0 0 -1 0 1 0 0 0 0 0/1 14:27 1:57 0:00
Mikhail Sergachev 1 0 1 0 0 1 1 0 0 0 0/0 14:32 1:57 0:00
Nick Leddy 0 0 0 0 0 1 1 0 0 0 0/0 14:06 0:00 2:55
Robert Thomas 0 1 1 -1 0 2 2 0 0 0 9/13 17:12 2:38 1:32
Players Stats for Nashville Predators
Player Name G A P +/- PIM S H SB GA TA FO MP PP MP PK MP
------------------------------------------------------------------------------------
Alex DeBrincat 0 1 1 -1 0 7 2 0 2 0 0/0 19:24 2:55 0:00
Alexander Wennberg 0 0 0 0 0 1 1 1 0 0 0/0 17:30 3:02 0:36
Artem Zub 0 0 0 -2 2 1 0 0 0 0 0/0 23:23 3:08 1:14
Ben Chiarot 0 0 0 -1 0 0 3 1 0 1 0/0 15:15 0:00 2:16
Brandon Montour 0 0 0 -2 0 2 1 2 0 0 0/0 22:46 2:49 1:55
Colton Sissons 0 0 0 0 0 3 0 0 0 0 3/10 18:45 3:02 3:04
Kailer Yamamoto 0 0 0 0 0 0 0 0 0 0 0/0 6:00 0:00 0:00
Leo Carlsson 0 0 0 0 0 0 0 0 0 0 0/1 9:23 0:00 1:08
Pius Suter 1 0 1 0 0 4 0 0 0 1 1/1 14:27 0:00 0:55
Rasmus Andersson 0 1 1 2 0 1 0 2 0 0 0/0 23:54 3:08 2:19
Ryan Hartman 0 0 0 0 0 1 2 0 0 0 10/14 18:42 3:02 3:04
Simon Benoit 0 0 0 -1 0 0 1 1 0 1 0/0 12:19 0:00 0:24
Tage Thompson 0 1 1 -1 0 7 0 0 1 0 11/31 19:10 2:55 0:00
Taylor Raddysh 0 0 0 0 0 1 1 0 0 0 0/0 12:07 0:00 0:00
Thomas Novak 0 1 1 0 0 5 0 0 1 0 1/6 12:07 0:00 0:00
Timo Meier 1 0 1 -1 0 3 1 0 1 1 0/1 19:23 2:55 0:00
Travis Sanheim 0 0 0 2 4 0 0 0 0 0 0/0 23:15 2:49 1:02
Trevor Zegras 0 0 0 0 0 1 0 0 1 0 1/2 7:32 0:00 0:23
3 Stars
1 - Jack Eichel (STL)
2 - Jake Guentzel (STL)
3 - Elias Pettersson (STL)
Power Play
St.Louis Blues - 1 on 3 Attempt(s) - 33.33%
Nashville Predators - 0 on 3 Attempt(s) - 0.00%
Penalty Kill
St.Louis Blues - 3 on 3 Attempt(s) - 100.00%
- Score 0 goal in Penalty Kill
Nashville Predators - 2 on 3 Attempt(s) - 66.67%
- Score 0 goal in Penalty Kill
Team Stat
St.Louis Blues - Hits : 17 - Faceoff Wins : 39 - Blocked Shots : 7 - Penalty Minutes : 6
Nashville Predators - Hits : 12 - Faceoff Wins : 27 - Blocked Shots : 7 - Penalty Minutes : 6
Official
Referees : Chris Schlenker and Garrett Rank
Linesman : Justin Johnson and Jonny Murray
Game Notes
No Game Note
Finance
Level 1 -- Attendance: 4593 (76.55%) -- Ticket Income $459,300
Level 2 -- Attendance: 3472 (69.44%) -- Ticket Income $208,320
Level 3 -- Attendance: 2459 (81.97%) -- Ticket Income $86,065
Level 4 -- Attendance: 4058 (81.16%) -- Ticket Income $101,450
Luxury Box -- Attendance: 764 (76.40%) -- Ticket Income $152,800
Game was played at the Bridgestone Arena.
Total Attendance: 15346 (76.73%)
Total Ticket Income: $1,007,935
Other Income: $352,777
Total Income: $1,360,712
St.Louis Blues
5 vs 5 Forward
Center Left Wing Right Wing Time % Phy DF OF
1 Jack Eichel Elias Pettersson Jake Guentzel 40 0 2 3
2 Robert Thomas Brandon Hagel Brayden Point 31 0 2 3
3 Elias Lindholm Alex Tuch Mark Stone 22 0 3 2
4 Lars Eller Dakota Joshua Logan O'Connor 7 1 2 2
5 vs 5 Defense
Defense Defense Time % Phy DF OF
1 Colton Parayko Alex Pietrangelo 45 1 2 2
2 Jake Sanderson Jaccob Slavin 35 1 2 2
3 Mikhail Sergachev Nick Leddy 20 1 2 2
4 Colton Parayko Alex Pietrangelo 0 1 2 2
PowerPlay Forward
Center Left Wing Right Wing Time % Phy DF OF
1 Robert Thomas Brayden Point Jake Guentzel 60 1 0 4
2 Elias Lindholm Brandon Hagel Mark Stone 40 1 0 4
PowerPlay Defense
Defense Defense Time % Phy DF OF
1 Jack Eichel Elias Pettersson 60 0 1 4
2 Alex Tuch Mikhail Sergachev 40 0 1 4
Penalty Kill 4 Players Forward
Center Wing Time % Phy DF OF
1 Lars Eller Logan O'Connor 50 1 4 0
2 Elias Lindholm Alex Tuch 50 1 4 0
Penalty Kill 4 Players Defense
Defense Defense Time % Phy DF OF
1 Jake Sanderson Colton Parayko 50 1 4 0
2 Jaccob Slavin Nick Leddy 50 1 4 0
Penalty Kill - 3 Players Forward
Forward Time % Phy DF OF
1 Elias Lindholm 50 0 5 0
2 Lars Eller 50 0 5 0
Penalty Kill - 3 Players Defense
Defense Defense Time % Phy DF OF
1 Jake Sanderson Colton Parayko 50 0 5 0
2 Nick Leddy Alex Pietrangelo 50 0 5 0
4 vs 4 Forward
Center Wing Time % Phy DF OF
1 Jack Eichel Jake Guentzel 50 0 2 3
2 Robert Thomas Brayden Point 50 0 2 3
4 vs 4 Defense
Defense Defense Time % Phy DF OF
1 Jake Sanderson Alex Pietrangelo 50 0 3 2
2 Colton Parayko Mikhail Sergachev 50 0 3 2
Last Minutes Offensive
Center Left Wing Right Wing Defense Defense
Robert Thomas Elias Pettersson Jake Guentzel Brayden Point Jack Eichel
Last Minutes Defensive
Center Left Wing Right Wing Defense Defense
Elias Lindholm Logan O'Connor Robert Thomas Jake Sanderson Colton Parayko
Goaltenders
Starting : Connor Hellebuyck
Backup : Scott Wedgewood
Extra Forwards
Normal : Brandon Hagel, Mark Stone, Alex Tuch - PP : Brandon Hagel, Dakota Joshua - PK : Robert Thomas
Extra Defensemen
Normal : Jake Sanderson, Mikhail Sergachev, Colton Parayko - PP : Mikhail Sergachev - PK : Jaccob Slavin, Nick Leddy
Penalty Shots
Elias Pettersson, Jack Eichel, Alex Tuch, Robert Thomas, Jake Guentzel
Scratches
Jack Roslovic (Healthy), Adam Pelech (Healthy)
Nashville Predators
5 vs 5 Forward
Center Left Wing Right Wing Time % Phy DF OF
1 Tage Thompson Timo Meier Alex DeBrincat 37 0 2 3
2 Ryan Hartman Alexander Wennberg Colton Sissons 33 0 2 3
3 Thomas Novak Pius Suter Taylor Raddysh 25 0 2 3
4 Trevor Zegras Kailer Yamamoto Leo Carlsson 5 0 2 3
5 vs 5 Defense
Defense Defense Time % Phy DF OF
1 Artem Zub Brandon Montour 40 1 2 2
2 Rasmus Andersson Travis Sanheim 36 1 4 0
3 Ben Chiarot Simon Benoit 24 0 5 0
4 Artem Zub Ben Chiarot 0 1 3 1
PowerPlay Forward
Center Left Wing Right Wing Time % Phy DF OF
1 Tage Thompson Timo Meier Alex DeBrincat 50 1 1 3
2 Colton Sissons Alexander Wennberg Ryan Hartman 50 1 1 3
PowerPlay Defense
Defense Defense Time % Phy DF OF
1 Brandon Montour Travis Sanheim 50 1 1 3
2 Artem Zub Rasmus Andersson 50 2 2 1
Penalty Kill 4 Players Forward
Center Wing Time % Phy DF OF
1 Colton Sissons Ryan Hartman 65 1 2 2
2 Leo Carlsson Alexander Wennberg 35 1 2 2
Penalty Kill 4 Players Defense
Defense Defense Time % Phy DF OF
1 Artem Zub Travis Sanheim 60 2 3 0
2 Brandon Montour Rasmus Andersson 40 1 3 1
Penalty Kill - 3 Players Forward
Forward Time % Phy DF OF
1 Colton Sissons 50 1 2 2
2 Ryan Hartman 50 1 2 2
Penalty Kill - 3 Players Defense
Defense Defense Time % Phy DF OF
1 Artem Zub Travis Sanheim 50 1 2 2
2 Brandon Montour Rasmus Andersson 50 1 2 2
4 vs 4 Forward
Center Wing Time % Phy DF OF
1 Colton Sissons Leo Carlsson 50 1 2 2
2 Alexander Wennberg Ryan Hartman 50 1 2 2
4 vs 4 Defense
Defense Defense Time % Phy DF OF
1 Brandon Montour Travis Sanheim 60 2 2 1
2 Rasmus Andersson Artem Zub 40 2 2 1
Last Minutes Offensive
Center Left Wing Right Wing Defense Defense
Colton Sissons Alex DeBrincat Timo Meier Ryan Hartman Brandon Montour
Last Minutes Defensive
Center Left Wing Right Wing Defense Defense
Alexander Wennberg Trevor Zegras Colton Sissons Artem Zub Travis Sanheim
Goaltenders
Starting : Thatcher Demko
Backup : Anthony Stolarz
Extra Forwards
Normal : Leo Carlsson, Colton Sissons, Pius Suter - PP : Colton Sissons, Thomas Novak - PK : Leo Carlsson
Extra Defensemen
Normal : Rasmus Andersson, Brandon Montour, Travis Sanheim - PP : Rasmus Andersson - PK : Ben Chiarot, Artem Zub
Penalty Shots
Alex DeBrincat, Ryan Hartman, Thomas Novak, Timo Meier, Leo Carlsson
Scratches
Christian Dvorak (Sprained Right Knee Injury), Jayden Struble (Healthy), Victor Olofsson (Healthy), Mads Sogaard (Healthy), Samuel Ersson (Healthy)
% Time on Ice - St.Louis Blues
Lines # - Real PCT - Wanted PCT - Time Play
Normal Forward
1 - 34% - 40% - 16:54
2 - 32% - 31% - 15:58
3 - 20% - 22% - 9:52
4 - 14% - 7% - 6:44
Normal Defense
1 - 44% - 45% - 21:58
2 - 33% - 35% - 16:19
3 - 23% - 20% - 11:11
4 - 0% - 0% - 0:00
PP Forward
1 - 57% - 60% - 2:38
2 - 43% - 40% - 1:57
PP Defense
1 - 57% - 60% - 2:38
2 - 43% - 40% - 1:57
PK Forward
1 - 44% - 50% - 2:38
2 - 56% - 50% - 3:19
PK Defense
1 - 51% - 50% - 3:02
2 - 49% - 50% - 2:55
PK3 Forward
1 - 0% - 50%
2 - 0% - 50%
PK3 Defense
1 - 0% - 50%
2 - 0% - 50%
44 Forward
1 - 0% - 50%
2 - 0% - 50%
44 Defense
1 - 0% - 50%
2 - 0% - 50%
Last Minute Offensive - 0:00
Last Minute Defensive - 0:00
Total
Forward - 60:00
Defense - 60:00
|
% Time on Ice - Nashville Predators
Lines # - Real PCT - Wanted PCT - Time Play
Normal Forward
1 - 34% - 37% - 16:40
2 - 30% - 33% - 14:48
3 - 24% - 25% - 12:07
4 - 12% - 5% - 5:53
Normal Defense
1 - 38% - 40% - 18:57
2 - 37% - 36% - 18:27
3 - 24% - 24% - 11:55
4 - 0% - 0% - 0:09
PP Forward
1 - 49% - 50% - 2:55
2 - 51% - 50% - 3:02
PP Defense
1 - 47% - 50% - 2:49
2 - 53% - 50% - 3:08
PK Forward
1 - 87% - 65% - 3:59
2 - 13% - 35% - 0:36
PK Defense
1 - 58% - 60% - 2:40
2 - 42% - 40% - 1:55
PK3 Forward
1 - 0% - 50%
2 - 0% - 50%
PK3 Defense
1 - 0% - 50%
2 - 0% - 50%
44 Forward
1 - 0% - 50%
2 - 0% - 50%
44 Defense
1 - 0% - 60%
2 - 0% - 40%
Last Minute Offensive - 0:00
Last Minute Defensive - 0:00
Total
Forward - 60:00
Defense - 60:00
|
Play-by-Play
1st period
0:01 of 1st period - Elias Pettersson wins face-off versus Tage Thompson in neutral zone.
0:28 of 1st period - Backhand shot by Brayden Point.
0:28 of 1st period - Stopped by Thatcher Demko with a rebound.
2:01 of 1st period - Icing by Mikhail Sergachev.
2:02 of 1st period - Robert Thomas wins face-off versus Colton Sissons in St.Louis Blues zone.
2:11 of 1st period - Slapshot by Robert Thomas.
2:11 of 1st period - Stopped by Thatcher Demko with a rebound.
2:37 of 1st period - Wrist shot by Thomas Novak.
2:37 of 1st period - Shot Misses the Net.
2:49 of 1st period - Wrist shot by Timo Meier.
2:49 of 1st period - Stopped by Connor Hellebuyck without a rebound.
2:50 of 1st period - Elias Lindholm wins face-off versus Tage Thompson in St.Louis Blues zone.
3:01 of 1st period - Snap shot by Tage Thompson.
3:01 of 1st period - Stopped by Connor Hellebuyck without a rebound.
3:02 of 1st period - Ryan Hartman wins face-off versus Jack Eichel in St.Louis Blues zone.
3:40 of 1st period - Off-side.
3:41 of 1st period - Elias Lindholm wins face-off versus Thomas Novak in neutral zone.
3:44 of 1st period - Taylor Raddysh is hit by Elias Lindholm and loses puck.
3:56 of 1st period - Icing by Thomas Novak.
3:57 of 1st period - Thomas Novak wins face-off versus Jack Eichel in Nashville Predators zone.
4:08 of 1st period - Snap shot by Elias Pettersson.
4:08 of 1st period - Stopped by Thatcher Demko with a rebound.
4:10 of 1st period - Slapshot by Jaccob Slavin.
4:10 of 1st period - Stopped by Thatcher Demko with a rebound.
4:12 of 1st period - Wrist shot by Jack Eichel.
4:12 of 1st period - Shot Misses the Net.
4:14 of 1st period - Slapshot by Jaccob Slavin.
4:14 of 1st period - Stopped by Thatcher Demko with a rebound.
4:20 of 1st period - Minor Penalty to Travis Sanheim for Boarding.
4:21 of 1st period - Robert Thomas wins face-off versus Colton Sissons in Nashville Predators zone.
4:36 of 1st period - Snap shot by Brayden Point.
4:36 of 1st period - Shot Misses the Net.
4:38 of 1st period - Wrist shot by Jake Guentzel.
4:38 of 1st period - Shot Misses the Net.
4:54 of 1st period - Slapshot by Elias Pettersson.
4:54 of 1st period - Stopped by Thatcher Demko with a rebound.
4:56 of 1st period - Wrist shot by Alex Tuch.
4:56 of 1st period - Shot Misses the Net.
4:58 of 1st period - Snap shot by Brandon Hagel.
4:58 of 1st period - Shot Misses the Net.
5:46 of 1st period - Snap shot by Pius Suter.
5:46 of 1st period - Stopped by Connor Hellebuyck without a rebound.
5:47 of 1st period - Pius Suter wins face-off versus Robert Thomas in St.Louis Blues zone.
6:14 of 1st period - Icing by Brandon Hagel.
6:15 of 1st period - Elias Lindholm wins face-off versus Leo Carlsson in St.Louis Blues zone.
6:20 of 1st period - Penalty to Travis Sanheim is over, Travis Sanheim is back on ice.
6:20 of 1st period - Slapshot by Alex Tuch.
6:20 of 1st period - Stopped by Thatcher Demko with a rebound.
7:08 of 1st period - Mikhail Sergachev is hit by Ben Chiarot.
7:09 of 1st period - Icing by Mikhail Sergachev.
7:10 of 1st period - Elias Lindholm wins face-off versus Tage Thompson in St.Louis Blues zone.
7:21 of 1st period - Brandon Hagel is hit by Alex DeBrincat and loses puck.
7:43 of 1st period - Jack Eichel is hit by Taylor Raddysh.
7:59 of 1st period - Wrist shot by Thomas Novak.
7:59 of 1st period - Deflect By Alex Pietrangelo.
7:59 of 1st period - Shot Misses the Net.
7:59 of 1st period - Puck is out of play.
8:00 of 1st period - Lars Eller wins face-off versus Ryan Hartman in St.Louis Blues zone.
8:37 of 1st period - Wrist shot by Lars Eller.
8:37 of 1st period - Stopped by Thatcher Demko with a rebound.
8:39 of 1st period - Wrist shot by Dakota Joshua.
8:39 of 1st period - Stopped by Thatcher Demko without a rebound.
8:40 of 1st period - Tage Thompson wins face-off versus Jack Eichel in Nashville Predators zone.
8:40 of 1st period - Tage Thompson is hit by Jack Eichel.
8:54 of 1st period - Snap shot by Alex DeBrincat.
8:54 of 1st period - Stopped by Connor Hellebuyck without a rebound.
8:55 of 1st period - Elias Lindholm wins face-off versus Tage Thompson in St.Louis Blues zone.
8:55 of 1st period - Elias Lindholm is hit by Timo Meier.
9:32 of 1st period - Wrist shot by Elias Pettersson.
9:32 of 1st period - Stopped by Thatcher Demko with a rebound.
9:46 of 1st period - Snap shot by Pius Suter.
9:46 of 1st period - Shot Misses the Net.
10:06 of 1st period - Snap shot by Tage Thompson.
10:06 of 1st period - Deflect By Lars Eller.
10:06 of 1st period - Shot Misses the Net.
10:06 of 1st period - Puck is out of play.
10:07 of 1st period - Lars Eller wins face-off versus Tage Thompson in St.Louis Blues zone.
10:30 of 1st period - Backhand shot by Alex DeBrincat.
10:30 of 1st period - Shot Misses the Net.
10:32 of 1st period - Slapshot by Ben Chiarot.
10:32 of 1st period - Shot Misses the Net.
10:50 of 1st period - Wrist shot by Alex DeBrincat.
10:50 of 1st period - Shot Blocked by Jaccob Slavin.
10:52 of 1st period - Snap shot by Timo Meier.
10:52 of 1st period - Stopped by Connor Hellebuyck without a rebound.
10:53 of 1st period - Colton Sissons wins face-off versus Jack Eichel in St.Louis Blues zone.
10:58 of 1st period - Wrist shot by Colton Sissons.
10:58 of 1st period - Shot Misses the Net.
11:00 of 1st period - Wrist shot by Ryan Hartman.
11:00 of 1st period - Shot Blocked by Elias Pettersson.
11:44 of 1st period - Brayden Point is hit by Brandon Montour and loses puck.
12:02 of 1st period - Off-side.
12:03 of 1st period - Jack Eichel wins face-off versus Tage Thompson in neutral zone.
12:06 of 1st period - Travis Sanheim is hit by Nick Leddy and loses puck.
12:15 of 1st period - Wrist shot by Tage Thompson.
12:15 of 1st period - Shot Misses the Net.
12:19 of 1st period - Snap shot by Alex DeBrincat.
12:19 of 1st period - Stopped by Connor Hellebuyck without a rebound.
12:20 of 1st period - Ryan Hartman wins face-off versus Elias Lindholm in St.Louis Blues zone.
12:41 of 1st period - Minor Penalty to Alex Tuch for Tripping.
12:42 of 1st period - Lars Eller wins face-off versus Tage Thompson in St.Louis Blues zone.
12:51 of 1st period - Wrist shot by Tage Thompson.
12:51 of 1st period - Shot Blocked by Jake Sanderson.
13:21 of 1st period - Wrist shot by Colton Sissons.
13:21 of 1st period - Shot Misses the Net.
14:41 of 1st period - Penalty to Alex Tuch is over, Alex Tuch is back on ice.
15:42 of 1st period - Backhand shot by Jake Sanderson.
15:42 of 1st period - Shot Blocked by Ben Chiarot.
15:54 of 1st period - Robert Thomas is hit by Ben Chiarot and loses puck.
16:09 of 1st period - Snap shot by Jack Eichel.
16:09 of 1st period - Stopped by Thatcher Demko without a rebound.
16:10 of 1st period - Trevor Zegras wins face-off versus Jack Eichel in Nashville Predators zone.
16:49 of 1st period - Icing by Artem Zub.
16:50 of 1st period - Robert Thomas wins face-off versus Ryan Hartman in Nashville Predators zone.
16:53 of 1st period - Wrist shot by Brayden Point.
16:53 of 1st period - Shot Misses the Net.
17:27 of 1st period - Wrist shot by Pius Suter.
17:27 of 1st period - Goal by Pius Suter - St.Louis Blues : 0 - Nashville Predators : 1.
17:28 of 1st period - Tage Thompson wins face-off versus Jack Eichel in neutral zone.
18:29 of 1st period - Wrist shot by Thomas Novak.
18:29 of 1st period - Stopped by Connor Hellebuyck without a rebound.
18:30 of 1st period - Jack Eichel wins face-off versus Tage Thompson in St.Louis Blues zone.
19:04 of 1st period - Wrist shot by Mark Stone.
19:04 of 1st period - Shot Blocked by Alexander Wennberg.
19:44 of 1st period - Wrist shot by Pius Suter.
19:44 of 1st period - Stopped by Connor Hellebuyck without a rebound.
19:45 of 1st period - Jack Eichel wins face-off versus Trevor Zegras in St.Louis Blues zone.
19:52 of 1st period - Slapshot by Elias Pettersson.
19:52 of 1st period - Stopped by Thatcher Demko without a rebound.
19:53 of 1st period - Tage Thompson wins face-off versus Jake Guentzel in Nashville Predators zone.
Goals for this period are 0 for St.Louis Blues vs 1 for Nashville Predators.
Shots for this period are 12 for St.Louis Blues vs 9 for Nashville Predators.
2nd period
0:01 of 2nd period - Jack Eichel wins face-off versus Tage Thompson in neutral zone.
0:10 of 2nd period - Snap shot by Jack Eichel.
0:10 of 2nd period - Goal by Jack Eichel - St.Louis Blues : 1 - Nashville Predators : 1.
0:11 of 2nd period - Jack Eichel wins face-off versus Tage Thompson in neutral zone.
0:24 of 2nd period - Wrist shot by Tage Thompson.
0:24 of 2nd period - Stopped by Connor Hellebuyck without a rebound.
0:25 of 2nd period - Jack Eichel wins face-off versus Tage Thompson in St.Louis Blues zone.
1:20 of 2nd period - Wrist shot by Elias Lindholm.
1:20 of 2nd period - Stopped by Thatcher Demko without a rebound.
1:21 of 2nd period - Jack Eichel wins face-off versus Tage Thompson in Nashville Predators zone.
1:24 of 2nd period - Wrist shot by Jack Eichel.
1:24 of 2nd period - Stopped by Thatcher Demko with a rebound.
1:34 of 2nd period - Wrist shot by Jake Guentzel.
1:34 of 2nd period - Shot Misses the Net.
1:36 of 2nd period - Slapshot by Elias Pettersson.
1:36 of 2nd period - Shot Misses the Net.
1:38 of 2nd period - Snap shot by Jaccob Slavin.
1:38 of 2nd period - Shot Misses the Net.
2:27 of 2nd period - Backhand shot by Alex DeBrincat.
2:27 of 2nd period - Stopped by Connor Hellebuyck with a rebound.
2:29 of 2nd period - Slapshot by Brandon Montour.
2:29 of 2nd period - Shot Misses the Net.
2:55 of 2nd period - Wrist shot by Alex DeBrincat.
2:55 of 2nd period - Shot Blocked by Jaccob Slavin.
2:57 of 2nd period - Wrist shot by Tage Thompson.
2:57 of 2nd period - Stopped by Connor Hellebuyck with a rebound.
2:59 of 2nd period - Wrist shot by Timo Meier.
2:59 of 2nd period - Goal by Timo Meier - St.Louis Blues : 1 - Nashville Predators : 2.
3:00 of 2nd period - Ryan Hartman wins face-off versus Jack Eichel in neutral zone.
4:28 of 2nd period - Colton Sissons is hit by Elias Lindholm and loses puck.
5:25 of 2nd period - Snap shot by Elias Pettersson.
5:25 of 2nd period - Shot Blocked by Brandon Montour.
5:27 of 2nd period - Slapshot by Jake Sanderson.
5:27 of 2nd period - Stopped by Thatcher Demko with a rebound.
5:29 of 2nd period - Snap shot by Jaccob Slavin.
5:29 of 2nd period - Shot Hit the Post.
5:31 of 2nd period - Snap shot by Jake Guentzel.
5:31 of 2nd period - Stopped by Thatcher Demko without a rebound.
5:32 of 2nd period - Tage Thompson wins face-off versus Elias Pettersson in Nashville Predators zone.
5:59 of 2nd period - Taylor Raddysh is hit by Robert Thomas and loses puck.
6:08 of 2nd period - Wrist shot by Thomas Novak.
6:08 of 2nd period - Stopped by Connor Hellebuyck without a rebound.
6:09 of 2nd period - Ryan Hartman wins face-off versus Alex Tuch in St.Louis Blues zone.
6:12 of 2nd period - Snap shot by Ryan Hartman.
6:12 of 2nd period - Stopped by Connor Hellebuyck without a rebound.
6:13 of 2nd period - Ryan Hartman wins face-off versus Elias Lindholm in St.Louis Blues zone.
6:28 of 2nd period - Elias Lindholm is hit by Ryan Hartman.
7:05 of 2nd period - Snap shot by Robert Thomas.
7:05 of 2nd period - Stopped by Thatcher Demko with a rebound.
7:51 of 2nd period - Wrist shot by Trevor Zegras.
7:51 of 2nd period - Stopped by Connor Hellebuyck with a rebound.
8:12 of 2nd period - Alex DeBrincat is hit by Elias Pettersson and loses puck.
8:29 of 2nd period - Wrist shot by Colton Sissons.
8:29 of 2nd period - Stopped by Connor Hellebuyck without a rebound.
8:30 of 2nd period - Ryan Hartman wins face-off versus Robert Thomas in St.Louis Blues zone.
8:55 of 2nd period - Taylor Raddysh is hit by Jake Guentzel and loses puck.
9:22 of 2nd period - Slapshot by Alex DeBrincat.
9:22 of 2nd period - Stopped by Connor Hellebuyck with a rebound.
9:24 of 2nd period - Wrist shot by Tage Thompson.
9:24 of 2nd period - Shot Blocked by Elias Lindholm.
9:56 of 2nd period - Wrist shot by Thomas Novak.
9:56 of 2nd period - Stopped by Connor Hellebuyck without a rebound.
9:57 of 2nd period - Robert Thomas wins face-off versus Thomas Novak in St.Louis Blues zone.
10:07 of 2nd period - Wrist shot by Pius Suter.
10:07 of 2nd period - Stopped by Connor Hellebuyck without a rebound.
10:08 of 2nd period - Tage Thompson wins face-off versus Jack Eichel in St.Louis Blues zone.
10:44 of 2nd period - Brayden Point is hit by Alexander Wennberg and loses puck.
10:54 of 2nd period - Icing by Rasmus Andersson.
10:55 of 2nd period - Elias Lindholm wins face-off versus Thomas Novak in Nashville Predators zone.
11:26 of 2nd period - Snap shot by Alex DeBrincat.
11:26 of 2nd period - Stopped by Connor Hellebuyck with a rebound.
11:28 of 2nd period - Wrist shot by Rasmus Andersson.
11:28 of 2nd period - Shot Misses the Net.
11:30 of 2nd period - Slapshot by Travis Sanheim.
11:30 of 2nd period - Shot Blocked by Jake Guentzel.
11:36 of 2nd period - Wrist shot by Tage Thompson.
11:36 of 2nd period - Stopped by Connor Hellebuyck without a rebound.
11:37 of 2nd period - Ryan Hartman wins face-off versus Robert Thomas in St.Louis Blues zone.
11:40 of 2nd period - Slapshot by Colton Sissons.
11:40 of 2nd period - Stopped by Connor Hellebuyck without a rebound.
11:41 of 2nd period - Ryan Hartman wins face-off versus Robert Thomas in St.Louis Blues zone.
11:45 of 2nd period - Minor Penalty to Brandon Hagel for Slashing.
11:46 of 2nd period - Colton Sissons wins face-off versus Logan O'Connor in St.Louis Blues zone.
12:31 of 2nd period - Jaccob Slavin is hit by Alex DeBrincat and loses puck.
12:36 of 2nd period - Snap shot by Tage Thompson.
12:36 of 2nd period - Shot Blocked by Lars Eller.
12:38 of 2nd period - Snap shot by Tage Thompson.
12:38 of 2nd period - Stopped by Connor Hellebuyck without a rebound.
12:39 of 2nd period - Colton Sissons wins face-off versus Elias Lindholm in St.Louis Blues zone.
13:10 of 2nd period - Wrist shot by Alexander Wennberg.
13:10 of 2nd period - Stopped by Connor Hellebuyck without a rebound.
13:11 of 2nd period - Tage Thompson wins face-off versus Lars Eller in St.Louis Blues zone.
13:45 of 2nd period - Penalty to Brandon Hagel is over, Brandon Hagel is back on ice.
13:51 of 2nd period - Icing by Colton Parayko.
13:52 of 2nd period - Elias Lindholm wins face-off versus Thomas Novak in St.Louis Blues zone.
14:05 of 2nd period - Wrist shot by Jake Guentzel.
14:05 of 2nd period - Goal by Jake Guentzel - St.Louis Blues : 2 - Nashville Predators : 2.
14:06 of 2nd period - Tage Thompson wins face-off versus Jack Eichel in neutral zone.
14:13 of 2nd period - Snap shot by Tage Thompson.
14:13 of 2nd period - Stopped by Connor Hellebuyck with a rebound.
15:41 of 2nd period - Travis Sanheim is hit by Dakota Joshua and loses puck.
15:47 of 2nd period - Off-side.
15:48 of 2nd period - Jack Eichel wins face-off versus Tage Thompson in neutral zone.
15:52 of 2nd period - Icing by Tage Thompson.
15:53 of 2nd period - Jack Eichel wins face-off versus Tage Thompson in Nashville Predators zone.
15:56 of 2nd period - Snap shot by Jack Eichel.
15:56 of 2nd period - Shot Misses the Net.
16:02 of 2nd period - Tage Thompson is hit by Elias Pettersson and loses puck.
16:29 of 2nd period - Robert Thomas is hit by Ryan Hartman and loses puck.
17:02 of 2nd period - Kailer Yamamoto is hit by Dakota Joshua and loses puck.
17:25 of 2nd period - Slapshot by Colton Parayko.
17:25 of 2nd period - Deflect By Elias Pettersson.
17:25 of 2nd period - Stopped by Thatcher Demko without a rebound.
17:26 of 2nd period - Ryan Hartman wins face-off versus Jack Eichel in Nashville Predators zone.
18:18 of 2nd period - Slapshot by Thomas Novak.
18:18 of 2nd period - Stopped by Connor Hellebuyck with a rebound.
18:20 of 2nd period - Slapshot by Rasmus Andersson.
18:20 of 2nd period - Stopped by Connor Hellebuyck with a rebound.
18:22 of 2nd period - Backhand shot by Thomas Novak.
18:22 of 2nd period - Stopped by Connor Hellebuyck without a rebound.
18:23 of 2nd period - Tage Thompson wins face-off versus Jack Eichel in St.Louis Blues zone.
18:30 of 2nd period - Snap shot by Alex DeBrincat.
18:30 of 2nd period - Shot Misses the Net.
18:32 of 2nd period - Snap shot by Alex DeBrincat.
18:32 of 2nd period - Stopped by Connor Hellebuyck with a rebound.
18:56 of 2nd period - Wrist shot by Ryan Hartman.
18:56 of 2nd period - Shot Misses the Net.
19:14 of 2nd period - Mark Stone is hit by Simon Benoit and loses puck.
19:19 of 2nd period - Slapshot by Brandon Montour.
19:19 of 2nd period - Stopped by Connor Hellebuyck with a rebound.
19:21 of 2nd period - Snap shot by Taylor Raddysh.
19:21 of 2nd period - Stopped by Connor Hellebuyck with a rebound.
19:23 of 2nd period - Snap shot by Artem Zub.
19:23 of 2nd period - Stopped by Connor Hellebuyck without a rebound.
19:24 of 2nd period - Jack Eichel wins face-off versus Tage Thompson in St.Louis Blues zone.
19:29 of 2nd period - Timo Meier is hit by Alex Pietrangelo and loses puck.
Goals for this period are 2 for St.Louis Blues vs 1 for Nashville Predators.
Shots for this period are 8 for St.Louis Blues vs 24 for Nashville Predators.
3rd period
0:01 of 3rd period - Tage Thompson wins face-off versus Jack Eichel in neutral zone.
1:39 of 3rd period - Snap shot by Colton Sissons.
1:39 of 3rd period - Stopped by Connor Hellebuyck without a rebound.
1:40 of 3rd period - Lars Eller wins face-off versus Ryan Hartman in St.Louis Blues zone.
1:55 of 3rd period - Snap shot by Logan O'Connor.
1:55 of 3rd period - Stopped by Thatcher Demko with a rebound.
1:57 of 3rd period - Snap shot by Lars Eller.
1:57 of 3rd period - Shot Misses the Net.
2:05 of 3rd period - Slapshot by Jake Sanderson.
2:05 of 3rd period - Stopped by Thatcher Demko without a rebound.
2:06 of 3rd period - Jack Eichel wins face-off versus Tage Thompson in Nashville Predators zone.
2:23 of 3rd period - Wrist shot by Timo Meier.
2:23 of 3rd period - Shot Misses the Net.
2:33 of 3rd period - Slapshot by Robert Thomas.
2:33 of 3rd period - Shot Misses the Net.
2:37 of 3rd period - Backhand shot by Brayden Point.
2:37 of 3rd period - Stopped by Thatcher Demko with a rebound.
2:39 of 3rd period - Slapshot by Jaccob Slavin.
2:39 of 3rd period - Deflect By Pius Suter.
2:39 of 3rd period - Stopped by Thatcher Demko with a rebound.
2:41 of 3rd period - Wrist shot by Brandon Hagel.
2:41 of 3rd period - Shot Blocked by Simon Benoit.
2:43 of 3rd period - Slapshot by Jake Sanderson.
2:43 of 3rd period - Shot Misses the Net.
2:45 of 3rd period - Snap shot by Robert Thomas.
2:45 of 3rd period - Shot Misses the Net.
3:03 of 3rd period - Wrist shot by Logan O'Connor.
3:03 of 3rd period - Stopped by Thatcher Demko without a rebound.
3:04 of 3rd period - Jack Eichel wins face-off versus Tage Thompson in Nashville Predators zone.
3:07 of 3rd period - Wrist shot by Elias Pettersson.
3:07 of 3rd period - Stopped by Thatcher Demko without a rebound.
3:08 of 3rd period - Tage Thompson wins face-off versus Elias Pettersson in Nashville Predators zone.
3:15 of 3rd period - Slapshot by Alex DeBrincat.
3:15 of 3rd period - Deflect By Tage Thompson.
3:15 of 3rd period - Stopped by Connor Hellebuyck with a rebound.
3:17 of 3rd period - Wrist shot by Tage Thompson.
3:17 of 3rd period - Deflect By Alex DeBrincat.
3:17 of 3rd period - Stopped by Connor Hellebuyck with a rebound.
3:54 of 3rd period - Snap shot by Pius Suter.
3:54 of 3rd period - Shot Misses the Net.
3:56 of 3rd period - Minor Penalty to Elias Lindholm for Tripping.
3:57 of 3rd period - Lars Eller wins face-off versus Colton Sissons in St.Louis Blues zone.
5:56 of 3rd period - Penalty to Elias Lindholm is over, Elias Lindholm is back on ice.
6:31 of 3rd period - Snap shot by Leo Carlsson.
6:31 of 3rd period - Shot Misses the Net.
7:02 of 3rd period - Simon Benoit is hit by Alex Pietrangelo.
8:03 of 3rd period - Slapshot by Alex Pietrangelo.
8:03 of 3rd period - Shot Misses the Net.
8:15 of 3rd period - Snap shot by Mark Stone.
8:15 of 3rd period - Stopped by Thatcher Demko with a rebound.
8:17 of 3rd period - Slapshot by Nick Leddy.
8:17 of 3rd period - Stopped by Thatcher Demko without a rebound.
8:18 of 3rd period - Elias Lindholm wins face-off versus Tage Thompson in Nashville Predators zone.
8:49 of 3rd period - Snap shot by Colton Sissons.
8:49 of 3rd period - Shot Misses the Net.
9:19 of 3rd period - Wrist shot by Jack Eichel.
9:19 of 3rd period - Shot Misses the Net.
9:25 of 3rd period - Minor Penalty to Travis Sanheim for Holding.
9:26 of 3rd period - Robert Thomas wins face-off versus Colton Sissons in Nashville Predators zone.
9:29 of 3rd period - Backhand shot by Robert Thomas.
9:29 of 3rd period - Shot Blocked by Rasmus Andersson.
9:39 of 3rd period - Slapshot by Elias Pettersson.
9:39 of 3rd period - Shot Blocked by Rasmus Andersson.
9:58 of 3rd period - Off-side.
9:59 of 3rd period - Robert Thomas wins face-off versus Colton Sissons in neutral zone.
10:02 of 3rd period - Slapshot by Mikhail Sergachev.
10:02 of 3rd period - Deflect By Colton Sissons.
10:02 of 3rd period - Goal by Mikhail Sergachev - St.Louis Blues : 3 - Nashville Predators : 2.
10:03 of 3rd period - Jack Eichel wins face-off versus Tage Thompson in neutral zone.
10:06 of 3rd period - Snap shot by Jack Eichel.
10:06 of 3rd period - Shot Misses the Net.
10:08 of 3rd period - Snap shot by Jack Eichel.
10:08 of 3rd period - Goal by Jack Eichel - St.Louis Blues : 4 - Nashville Predators : 2.
10:09 of 3rd period - Tage Thompson wins face-off versus Jack Eichel in neutral zone.
11:07 of 3rd period - Ryan Hartman is hit by Robert Thomas and loses puck.
12:17 of 3rd period - Slapshot by Brandon Montour.
12:17 of 3rd period - Deflect By Elias Lindholm.
12:17 of 3rd period - Stopped by Connor Hellebuyck without a rebound.
12:18 of 3rd period - Elias Lindholm wins face-off versus Ryan Hartman in St.Louis Blues zone.
12:23 of 3rd period - Simon Benoit is hit by Colton Parayko and loses puck.
13:13 of 3rd period - Icing by Travis Sanheim.
13:14 of 3rd period - Robert Thomas wins face-off versus Thomas Novak in Nashville Predators zone.
13:43 of 3rd period - Wrist shot by Brayden Point.
13:43 of 3rd period - Stopped by Thatcher Demko without a rebound.
13:44 of 3rd period - Jack Eichel wins face-off versus Timo Meier in Nashville Predators zone.
13:45 of 3rd period - Slapshot by Elias Pettersson.
13:45 of 3rd period - Stopped by Thatcher Demko without a rebound.
13:46 of 3rd period - Jack Eichel wins face-off versus Tage Thompson in Nashville Predators zone.
13:47 of 3rd period - Wrist shot by Jake Guentzel.
13:47 of 3rd period - Stopped by Thatcher Demko with a rebound.
13:48 of 3rd period - Minor Penalty to Artem Zub for Slashing.
13:49 of 3rd period - Robert Thomas wins face-off versus Colton Sissons in Nashville Predators zone.
14:25 of 3rd period - Slapshot by Jack Eichel.
14:25 of 3rd period - Shot Misses the Net.
14:27 of 3rd period - Wrist shot by Elias Pettersson.
14:27 of 3rd period - Deflect By Mark Stone.
14:27 of 3rd period - Shot Blocked by Brandon Montour.
14:27 of 3rd period - Puck is out of play.
14:28 of 3rd period - Robert Thomas wins face-off versus Colton Sissons in Nashville Predators zone.
15:27 of 3rd period - Rasmus Andersson is hit by Elias Lindholm and loses puck.
15:48 of 3rd period - Penalty to Artem Zub is over, Artem Zub is back on ice.
15:56 of 3rd period - Wrist shot by Alex DeBrincat.
15:56 of 3rd period - Shot Misses the Net.
17:01 of 3rd period - Alex DeBrincat is hit by Alex Tuch.
18:53 of 3rd period - Icing by Alexander Wennberg.
18:54 of 3rd period - Ryan Hartman wins face-off versus Mark Stone in Nashville Predators zone.
19:41 of 3rd period - Ben Chiarot is hit by Mikhail Sergachev and loses puck.
19:48 of 3rd period - Mark Stone is hit by Ben Chiarot and loses puck.
Goals for this period are 2 for St.Louis Blues vs 0 for Nashville Predators.
Shots for this period are 13 for St.Louis Blues vs 4 for Nashville Predators.
Back to the Top